[Event "Polish Youth 1st League 2022"]
[Site "Lublin"]
[Date "2022.07.03"]
[Round "9.15"]
[White "Wierzbicki, Dawid"]
[Black "Ugorek, Kacper"]
[Result "1/2-1/2"]
[ECO "B27"]
[WhiteElo "1556"]
[BlackElo "1696"]
[Annotator "NA RC"]
[PlyCount "108"]
[EventDate "2022.06.24"]
[EventType "team-tourn"]
[EventCountry "POL"]
[SourceTitle "playchess.com"]
[Source "ChessBase"]
[SourceQuality "1"]
[TimeControl "40/5400+30:1800+30"]

1. e4 c5 2. Nf3 g6 3. d3 Bg7 4. g3 Nc6 5. Bg2 Rb8 6. O-O e6 7. c3 Nge7 8. Na3 b5 9. d4 cxd4 10. cxd4 d5 11. e5 b4 12. Nc2 O-O 13. Ne3 Ba6 14. Re1 b3 15. axb3 Qb6 16. Bd2 Bd3 17. Bc3 Be4 18. Ra3 Rfc8 19. Nh4 Bxg2 20. Kxg2 Bf8 21. Ng4 Kg7 22. Qd2 Ng8 23. Ra4 Qxb3 24. Rea1 Be7 25. Nf3 Rb7 26. h4 h5 27. Ne3 Nh6 28. Ne1 Rbc7 29. Nd3 Qb8 30. Ra6 Rb7 31. Kh3 Rcc7 32. f3 Nb4 33. Nxb4 Bxb4 34. Nd1 Bxc3 35. bxc3 Rb1 36. Kg2 Rxa1 37. Rxa1 Qb5 38. Ra2 Nf5 39. g4 hxg4 40. fxg4 Nh6 41. Rb2 Qc4 42. Rb4 Qa6 43. Qf4 Qc8 44. Rb2 Qd8 45. Kg3 a5 46. Qf6+ Qxf6 47. exf6+ Kh7 48. Ra2 e5 49. dxe5 Rc4 50. Nf2 Rxc3+ 51. Kf4 Rc4+ 52. Kg5 a4 53. Ra3 Rc2 54. Nd3 Rc4 1/2-1/2

[Event "Polish Youth 1st League 2022"]
[Site "Lublin"]
[Date "2022.07.03"]
[Round "9.16"]
[White "Dobosiewicz, Dawid"]
[Black "Oles, Mateusz"]
[Result "1/2-1/2"]
[ECO "C02"]
[WhiteElo "1795"]
[BlackElo "1201"]
[Annotator "NA RC"]
[PlyCount "93"]
[EventDate "2022.06.24"]
[EventType "team-tourn"]
[EventCountry "POL"]
[SourceTitle "playchess.com"]
[Source "ChessBase"]
[SourceQuality "1"]
[TimeControl "40/5400+30:1800+30"]

1. e4 e6 2. d4 d5 3. e5 c5 4. c3 Nc6 5. Nf3 Bd7 6. Be2 Nge7 7. Na3 cxd4 8. cxd4 Qb6 9. O-O Nb4 10. Bd2 Nec6 11. Bc3 Be7 12. Nb1 a5 13. a3 Na6 14. Nbd2 O-O 15. Nb3 Rfc8 16. Nc1 Qc7 17. Qd2 b6 18. Nd3 b5 19. b4 axb4 20. axb4 Qb7 21. Rfb1 Nc7 22. Rxa8 Rxa8 23. h3 Be8 24. Nc5 Qb6 25. Ne1 Bxc5 26. bxc5 Qb7 27. Nd3 Qa6 28. Nc1 h6 29. Bd3 Qb7 30. f4 Bd7 31. g4 Ne7 32. Ba5 Rb8 33. Nb3 Ra8 34. g5 hxg5 35. fxg5 g6 36. Qf4 Ne8 37. Rf1 Nf5 38. Bxf5 exf5 39. Qd2 Ng7 40. Bb6 Bc6 41. Na5 Qd7 42. h4 Ra6 43. Re1 Qc8 44. Qe2 Qe6 45. Rb1 Be8 46. Rb2 Bd7 47. Rb1 1/2-1/2

[Event "Polish Youth 1st League 2022"]
[Site "Lublin"]
[Date "2022.07.03"]
[Round "9.17"]
[White "Kroliczek, Gabriela"]
[Black "Barwinska, Ewa"]
[Result "0-1"]
[ECO "B52"]
[WhiteElo "1934"]
[BlackElo "1825"]
[Annotator "NA RC"]
[PlyCount "108"]
[EventDate "2022.06.24"]
[EventType "team-tourn"]
[EventCountry "POL"]
[SourceTitle "playchess.com"]
[Source "ChessBase"]
[SourceQuality "1"]
[TimeControl "40/5400+30:1800+30"]

1. e4 c5 2. Nf3 d6 3. Bb5+ Bd7 4. Bxd7+ Nxd7 5. d4 cxd4 6. Qxd4 Ngf6 7. c4 g6 8. Nc3 Bg7 9. O-O O-O 10. Qd3 Rc8 11. Bd2 Ng4 12. b3 Nge5 13. Nxe5 Nxe5 14. Qe2 Nc6 $14 15. Rac1 a6 16. Rfd1 Qa5 17. Be1 Qg5 18. Nd5 e6 19. Nc3 Rfd8 20. Bd2 Qh4 21. g3 Qh3 22. Be3 Bh6 23. Bxh6 Qxh6 24. Kg2 Qg5 25. Rd2 Qa5 26. a4 Qb4 27. Qd1 Na5 28. Rb2 Nxc4 29. Re2 Na5 30. Re3 Qxb3 31. Qe1 Qb6 32. Rb1 Qc5 33. Ne2 Nc4 34. Reb3 b6 35. h4 d5 36. Nf4 dxe4 37. Rc3 e5 38. Nh3 Qd5 39. Kg1 Nd2 40. Rbc1 Rxc3 41. Rxc3 Nf3+ 42. Rxf3 exf3 43. Qe3 b5 44. axb5 axb5 45. Kh2 Qd3 46. Qxe5 Qf1 47. Nf4 Qxf2+ 48. Kh3 Qf1+ 49. Kg4 Qd1 50. Kg5 f2 51. Kh6 Qd4 52. Qxb5 Qg7+ 53. Kg5 f6+ 54. Kg4 Qd7+ 0-1

[Event "Polish Youth 1st League 2022"]
[Site "Lublin"]
[Date "2022.07.03"]
[Round "9.18"]
[White "Matuszewska, Kinga"]
[Black "Seemann, Pola"]
[Result "0-1"]
[ECO "C45"]
[WhiteElo "1085"]
[BlackElo "1777"]
[Annotator "NA RC"]
[PlyCount "88"]
[EventDate "2022.06.24"]
[EventType "team-tourn"]
[EventCountry "POL"]
[SourceTitle "playchess.com"]
[Source "ChessBase"]
[SourceQuality "1"]
[TimeControl "40/5400+30:1800+30"]

1. e4 e5 2. Nf3 Nc6 3. d4 exd4 4. Nxd4 Nf6 5. Nxc6 bxc6 6. Nd2 a5 7. Bd3 Bc5 8. O-O d6 9. h3 O-O 10. Kh1 Re8 11. f4 Bb7 12. Qf3 Ba7 13. Qg3 Qe7 14. Re1 Nh5 15. Qg4 g6 16. Nf1 c5 17. Be3 Nf6 18. Qg5 Nxe4 19. Qxe7 Rxe7 20. Bg1 Rae8 21. Kh2 Bb6 22. Re2 f5 23. Rae1 d5 24. c4 d4 25. Nd2 a4 26. Rc1 Nxd2 27. Rxd2 Ba5 28. Rdd1 Be4 29. Kg3 Bxd3 30. Rxd3 Re2 31. Ra3 Rxb2 32. Rxa4 Bb6 33. Ra3 Ree2 34. Ra8+ Kf7 35. Kh2 Rxg2+ 36. Kh1 Rg3 37. a4 Rxh3+ 38. Bh2 Rbxh2+ 39. Kg1 Rh1+ 40. Kg2 Rxc1 41. Kxh3 Rxc4 42. a5 Ra4 43. a6 c4 44. Kg2 c3 0-1

[Event "Polish Youth 1st League 2022"]
[Site "Lublin"]
[Date "2022.07.03"]
[Round "9.19"]
[White "Klim, Filip"]
[Black "Kania, Dominik"]
[Result "1/2-1/2"]
[ECO "B15"]
[WhiteElo "2015"]
[BlackElo "1872"]
[Annotator "NA RC"]
[PlyCount "84"]
[EventDate "2022.06.24"]
[EventType "team-tourn"]
[EventCountry "POL"]
[SourceTitle "playchess.com"]
[Source "ChessBase"]
[SourceQuality "1"]
[TimeControl "40/5400+30:1800+30"]

1. e4 g6 2. d4 Bg7 3. Nc3 c6 4. f4 d5 5. e5 h5 6. Nf3 Nh6 7. g3 Bg4 8. Bg2 Nf5 9. Qd3 Bxf3 10. Bxf3 Qb6 11. Be3 Na6 12. O-O-O e6 13. Bf2 Bf8 14. h3 $11 (14. Ne2 $14) 14... c5 15. g4 Nxd4 16. Bxd4 cxd4 17. Qb5+ Qc6 18. Rxd4 hxg4 19. hxg4 Rxh1+ 20. Bxh1 Nc7 21. Qe2 Bc5 22. Rd3 O-O-O 23. Rh3 b5 24. a3 a5 25. Na2 b4 26. axb4 axb4 27. Kb1 Nb5 28. Qd3 Rd7 29. Rh8+ Kb7 30. Nc1 Kb6 31. Nb3 Ra7 32. Rb8+ Rb7 33. Rxb7+ Qxb7 34. Nxc5 Kxc5 35. Qe3+ d4 36. Qe4 Qxe4 37. Bxe4 Nc7 38. Kc1 Nd5 39. f5 exf5 40. gxf5 gxf5 41. Bxf5 Ne7 42. e6 fxe6 1/2-1/2

[Event "Polish Youth 1st League 2022"]
[Site "Lublin"]
[Date "2022.07.03"]
[Round "9.20"]
[White "Lysakowski, Piotr"]
[Black "Bartodziej, Bartosz"]
[Result "0-1"]
[ECO "D86"]
[WhiteElo "1542"]
[BlackElo "1902"]
[Annotator "NA RC"]
[PlyCount "96"]
[EventDate "2022.06.24"]
[EventType "team-tourn"]
[EventCountry "POL"]
[SourceTitle "playchess.com"]
[Source "ChessBase"]
[SourceQuality "1"]
[TimeControl "40/5400+30:1800+30"]

1. d4 Nf6 2. c4 g6 3. Nc3 d5 4. cxd5 Nxd5 5. e4 Nxc3 6. bxc3 Bg7 7. Bc4 c5 8. Ne2 Nc6 9. Be3 cxd4 10. cxd4 Qa5+ 11. Qd2 O-O 12. Rd1 Qxd2+ 13. Rxd2 Bd7 14. O-O Rac8 15. Rb1 Na5 16. Bd3 a6 17. Rb6 $11 f5 18. e5 f4 19. Bxf4 Rxf4 20. Nxf4 Rc1+ 21. Bf1 Bh6 22. Ne2 Rxf1+ 23. Kxf1 Bxd2 24. Rb2 Bh6 25. Nc3 e6 26. Ne4 Bc6 27. Nc5 Kf7 28. Rc2 Ke7 29. f3 Be3 30. Nb3 Nxb3 31. axb3 Bxd4 32. f4 a5 33. g3 Bb6 34. Ke1 Kd7 35. Kd2 Bd5 36. Kc3 Kc6 37. h4 h5 38. Kd3+ Bc5 39. Rb2 Kb5 40. Kc3 b6 41. Rh2 Bb4+ 42. Kb2 Be1 43. Rh3 Bf2 44. Kc3 Bf3 45. Rh2 Bxg3 46. Rh3 Be1+ 47. Kc2 Bg4 48. Rh1 Bg3 0-1

[Event "Polish Youth 1st League 2022"]
[Site "Lublin"]
[Date "2022.07.03"]
[Round "9.21"]
[White "Nawalaniec, Adam"]
[Black "Musial, Igor"]
[Result "1/2-1/2"]
[ECO "B25"]
[WhiteElo "1740"]
[BlackElo "1699"]
[Annotator "NA RC"]
[PlyCount "87"]
[EventDate "2022.06.24"]
[EventType "team-tourn"]
[EventCountry "POL"]
[SourceTitle "playchess.com"]
[Source "ChessBase"]
[SourceQuality "1"]
[TimeControl "40/5400+30:1800+30"]

1. e4 c5 2. d3 Nc6 3. g3 g6 4. f4 Bg7 5. Bg2 d6 6. Nc3 e5 7. Nf3 Nge7 8. O-O O-O 9. Be3 Nd4 10. Qd2 Qc7 11. Rf2 f5 12. Raf1 Bd7 13. fxe5 dxe5 14. Bh6 Bc6 15. Bxg7 Kxg7 16. exf5 Nexf5 17. Nxd4 exd4 18. Ne4 Rae8 19. g4 Ne3 20. Rxf8 Rxf8 21. Rxf8 Kxf8 22. Nxc5 Qf7 23. Ne4 Qxa2 24. Qb4+ Kg8 25. Qxd4 Nxg4 26. Qd8+ Kg7 27. Qd4+ Kg8 28. Qd8+ Kg7 29. h3 Bxe4 30. dxe4 Ne5 31. Qd4 Qa5 32. b4 Qb6 33. Qxb6 axb6 34. Kf2 Kf6 35. Ke3 Ke6 36. Kd4 Kd6 37. b5 g5 38. c3 Ke6 39. Bf1 Kd6 40. Be2 h6 41. Bg4 Ng6 42. Bc8 h5 43. Bf5 Ne5 44. Bc8 1/2-1/2

[Event "Polish Youth 1st League 2022"]
[Site "Lublin"]
[Date "2022.07.03"]
[Round "9.22"]
[White "Rozek, Michal"]
[Black "Kowalski, Witold"]
[Result "1/2-1/2"]
[ECO "B40"]
[WhiteElo "1533"]
[BlackElo "1613"]
[Annotator "NA RC"]
[PlyCount "74"]
[EventDate "2022.06.24"]
[EventType "team-tourn"]
[EventCountry "POL"]
[SourceTitle "playchess.com"]
[Source "ChessBase"]
[SourceQuality "1"]
[TimeControl "40/5400+30:1800+30"]

1. e4 c5 2. Nf3 e6 3. g3 Nc6 4. Bg2 Nf6 5. Qe2 e5 6. O-O Be7 7. c4 d6 8. h3 O-O 9. d3 h6 10. Nc3 a6 11. a4 Be6 12. Be3 Qd7 13. Kh2 Nd4 14. Bxd4 cxd4 15. Nd5 Bxd5 16. cxd5 Rac8 17. Rfc1 b5 18. Nd2 bxa4 19. Nc4 Qb5 20. h4 Nd7 21. Bh3 Rb8 22. Bxd7 Qxd7 23. Qc2 f5 24. f3 fxe4 25. fxe4 Rf3 26. Rf1 Rbf8 27. Nd2 R3f7 28. Rxf7 Rxf7 29. Rf1 Rxf1 30. Nxf1 Qb7 31. Nd2 Kh7 32. Nc4 Qb4 33. Qf2 Bf6 34. Qf5+ Kg8 35. Qe6+ Kh7 36. Qf5+ Kg8 37. Qe6+ Kh7 1/2-1/2

[Event "Polish Youth 1st League 2022"]
[Site "Lublin"]
[Date "2022.07.03"]
[Round "9.23"]
[White "Kudlak, Julia"]
[Black "Mroz, Lena"]
[Result "1-0"]
[ECO "B28"]
[WhiteElo "1654"]
[BlackElo "1719"]
[Annotator "NA RC"]
[PlyCount "86"]
[EventDate "2022.06.24"]
[EventType "team-tourn"]
[EventCountry "POL"]
[SourceTitle "playchess.com"]
[Source "ChessBase"]
[SourceQuality "1"]
[TimeControl "40/5400+30:1800+30"]

1. e4 c5 2. Nf3 a6 3. c4 Nc6 4. d4 cxd4 5. Nxd4 e5 6. Nf5 d6 7. Ne3 g6 8. Nc3 Bg7 9. Be2 Nge7 10. g4 h6 11. Ned5 Nxd5 12. Nxd5 Be6 13. Be3 O-O 14. Qd2 Kh7 15. h4 Bxd5 16. cxd5 Nd4 17. Bxd4 exd4 18. Bd3 Kg8 19. O-O-O a5 20. Kb1 a4 21. f4 a3 22. b3 Qe7 23. Rde1 Rfc8 24. g5 h5 25. Re2 Qd7 26. Rhe1 Rc3 27. e5 dxe5 28. fxe5 Qxd5 29. e6 fxe6 30. Rxe6 Rf8 31. Rxg6 Qf3 32. Bc2 Re3 33. Rxg7+ Kxg7 34. Qxd4+ Kg8 35. Rxe3 Qf1+ 36. Bd1 Qg2 37. Re7 Rf7 38. Re8+ Rf8 39. Rxf8+ Kxf8 40. Qf6+ Ke8 41. Bxh5+ Kd7 42. Qd4+ Ke6 43. Qg4+ Kd5 1-0

[Event "Polish Youth 1st League 2022"]
[Site "Lublin"]
[Date "2022.07.03"]
[Round "9.24"]
[White "Lajdamik, Kinga"]
[Black "Dzierzgowska, Jagoda"]
[Result "1-0"]
[ECO "C15"]
[WhiteElo "1308"]
[BlackElo "1267"]
[Annotator "NA RC"]
[PlyCount "89"]
[EventDate "2022.06.24"]
[EventType "team-tourn"]
[EventCountry "POL"]
[SourceTitle "playchess.com"]
[Source "ChessBase"]
[SourceQuality "1"]
[TimeControl "40/5400+30:1800+30"]

1. e4 e6 2. d4 d5 3. Nc3 Bb4 4. exd5 exd5 5. Bd3 c6 6. Nf3 Bg4 7. O-O Ne7 8. Be3 O-O 9. Bxh7+ Kh8 10. Bd3 Nd7 11. Be2 Nf5 12. Bf4 Be7 13. h3 Bxf3 14. Bxf3 Bf6 15. Ne2 Nh4 16. Bh5 Bg5 17. Bd6 Be7 18. Bxe7 Qxe7 19. Ng3 Nf6 20. Re1 Qc7 21. Be2 Rae8 22. Qd2 Kg8 23. Bd3 Nh7 24. Rf1 Re7 25. Bxh7+ Kxh7 26. Qg5 Ng6 27. Nf5 Re6 28. Rae1 Rfe8 29. Rxe6 Rxe6 30. g3 Re8 31. h4 Qd8 32. Qg4 Qf6 33. h5 Ne7 34. Re1 g6 35. hxg6+ fxg6 36. Nh4 Rg8 37. Re6 Qf7 38. Nf3 Kg7 39. Ne5 Qf5 40. Rxe7+ Kf6 41. Rf7+ Ke6 42. Rxf5 gxf5 43. Qxg8+ Ke7 44. Qf7+ Kd6 45. Qd7# 1-0

[Event "Polish Youth 1st League 2022"]
[Site "Lublin"]
[Date "2022.07.03"]
[Round "9.25"]
[White "Luczak, Filip"]
[Black "Suder, Jakub"]
[Result "1/2-1/2"]
[ECO "E06"]
[WhiteElo "2311"]
[BlackElo "2306"]
[Annotator "TA"]
[PlyCount "61"]
[EventDate "2022.06.24"]
[EventType "team-tourn"]
[EventCountry "POL"]
[SourceTitle "playchess.com"]
[Source "ChessBase"]
[SourceQuality "1"]
[TimeControl "40/5400+30:1800+30"]

1. d4 d5 2. Nf3 e6 3. c4 Nf6 4. g3 Be7 5. Bg2 O-O 6. O-O dxc4 7. Ne5 Nc6 8. Nxc6 bxc6 9. Na3 Bxa3 10. bxa3 Ba6 11. Qd2 {[%emt 0:00:05] E05: Open Catalan: 5 Nf3 Be7.} c3 12. Qxc3 Bxe2 13. Re1 {[%emt 0:00:03] White is slightly better.} Bh5 14. a4 Nd5 15. Qxc6 {[%emt 0:01:40] [#]} Rb8 $146 ({Predecessor:} 15... Qd6 16. Qxd6 cxd6 17. Ba3 Rfd8 18. Rac1 Rab8 19. Bxd5 exd5 20. Kg2 Bg6 21. Re7 a6 {½-½ (41) Erigaisi,A (2359)-Barua,D (2448) Mumbai 2018}) 16. Ba3 {[%emt 0:02:58] This bishop pair is nice.} Re8 17. Rab1 Rxb1 18. Rxb1 Qa8 19. Qxa8 Rxa8 20. a5 Be2 21. Bc5 {[%emt 0:04:40][%cal Oc5a7] aiming for Bxa7!} a6 22. a4 g5 {[%emt 0:02:34] The position is equal.} 23. Rb2 Bd1 24. Rb7 Bxa4 25. Bxd5 exd5 26. Rxc7 $11 {[%emt 0:00:01] KRB-KRB} g4 27. Re7 Re8 28. Rxe8+ Bxe8 29. Kf1 Kg7 30. Ke2 Kf6 31. Ke3 {[%emt 0:00:03] Weighted Error Value: White=0.04 (flawless) /Black=0.03 (flawless)} 1/2-1/2

[Event "Polish Youth 1st League 2022"]
[Site "Lublin"]
[Date "2022.07.03"]
[Round "9.26"]
[White "Dziewonski, Dariusz"]
[Black "Bachor, Tomasz"]
[Result "0-1"]
[ECO "B10"]
[WhiteElo "1976"]
[BlackElo "1971"]
[Annotator "NA RC"]
[PlyCount "56"]
[EventDate "2022.06.24"]
[EventType "team-tourn"]
[EventCountry "POL"]
[SourceTitle "playchess.com"]
[Source "ChessBase"]
[SourceQuality "1"]
[TimeControl "40/5400+30:1800+30"]

1. e4 c6 2. Nc3 d5 3. Nf3 g6 4. d4 Bg7 5. h3 Nf6 6. exd5 cxd5 7. Bf4 a6 8. Qd2 Bf5 9. g4 Be4 10. Nxe4 Nxe4 11. Qe3 Nc6 12. c3 Qb6 13. O-O-O Rc8 $11 14. c4 Na5 15. b3 dxc4 16. b4 Qxb4 17. Qxe4 Qc3+ 18. Kb1 Rc6 19. Bc7 Rxc7 20. Ne5 O-O 21. Qc2 Qb4+ 22. Qb2 Qa4 23. Qc2 Qb5+ 24. Qb2 Qd5 25. Be2 c3 26. Qc2 Bxe5 27. dxe5 Qxe5 28. Rd3 Nc4 0-1

[Event "Polish Youth 1st League 2022"]
[Site "Lublin"]
[Date "2022.07.03"]
[Round "9.27"]
[White "Cieslak, Patryk"]
[Black "Maj, Samuel"]
[Result "1/2-1/2"]
[ECO "B23"]
[WhiteElo "2019"]
[BlackElo "1906"]
[Annotator "NA RC"]
[PlyCount "62"]
[EventDate "2022.06.24"]
[EventType "team-tourn"]
[EventCountry "POL"]
[SourceTitle "playchess.com"]
[Source "ChessBase"]
[SourceQuality "1"]
[TimeControl "40/5400+30:1800+30"]

1. e4 c5 2. Nc3 d6 3. d4 cxd4 4. Qxd4 Nc6 5. Qd2 g6 6. b3 Bh6 7. f4 Nf6 8. Bb2 O-O 9. O-O-O Re8 10. g3 e5 11. Bg2 Bg4 12. Bf3 Bxf3 13. Nxf3 exf4 14. Rhe1 a5 15. Nd5 Ne5 16. Nd4 Nxd5 17. exd5 Qg5 18. Nb5 fxg3 (18... f3 $19 19. Qxg5 Bxg5+ 20. Kb1 Ng4) 19. Qxg5 $17 Bxg5+ 20. Kb1 Nf3 21. Rxe8+ Rxe8 22. hxg3 Nd2+ 23. Ka1 Ne4 24. Re1 Bf6 25. Nc3 Bxc3 26. Bxc3 b6 27. Bd4 b5 28. g4 Nf6 29. Rxe8+ Nxe8 30. Bb6 h5 31. gxh5 gxh5 1/2-1/2

[Event "Polish Youth 1st League 2022"]
[Site "Lublin"]
[Date "2022.07.03"]
[Round "9.28"]
[White "Jamrozik, Maciej"]
[Black "Brzezina, Piotr"]
[Result "1/2-1/2"]
[ECO "A59"]
[WhiteElo "1251"]
[BlackElo "1633"]
[Annotator "NA RC"]
[PlyCount "88"]
[EventDate "2022.06.24"]
[EventType "team-tourn"]
[EventCountry "POL"]
[SourceTitle "playchess.com"]
[Source "ChessBase"]
[SourceQuality "1"]
[TimeControl "40/5400+30:1800+30"]

1. d4 Nf6 2. c4 c5 3. d5 b5 4. cxb5 a6 5. bxa6 Bxa6 6. Nc3 g6 7. e4 Bxf1 8. Kxf1 d6 9. g3 Bg7 10. Kg2 O-O 11. Nf3 Nbd7 12. Qc2 Qa5 13. Bd2 Rfb8 14. a4 Ne8 15. Nb5 Qa6 16. Bc3 Nb6 17. Bxg7 Kxg7 18. b3 Rc8 19. Nd2 Nc7 20. Nxc7 Rxc7 21. a5 Nd7 22. Nc4 Rb8 23. Rhb1 Rcb7 24. Rb2 Rb4 25. Qc3+ f6 26. h4 Ne5 27. Nxe5 fxe5 28. Ra4 R8b5 29. Qd3 Rxa4 30. bxa4 Rxa5 31. Qxa6 Rxa6 32. Ra2 Ra5 33. Kf3 Kf6 34. Ke3 e6 35. dxe6 Kxe6 36. Kd3 d5 37. exd5+ Kxd5 38. f3 Ra6 39. a5 Rf6 40. Ke3 Kc4 41. a6 Rf8 42. a7 Ra8 43. Ra1 Kb3 44. Kd2 Rd8+ 1/2-1/2

[Event "Polish Youth 1st League 2022"]
[Site "Lublin"]
[Date "2022.07.03"]
[Round "9.29"]
[White "Hertlein, Irena"]
[Black "Uliasz, Katarzyna"]
[Result "1-0"]
[ECO "A66"]
[WhiteElo "1873"]
[BlackElo "1526"]
[Annotator "NA RC"]
[PlyCount "129"]
[EventDate "2022.06.24"]
[EventType "team-tourn"]
[EventCountry "POL"]
[SourceTitle "playchess.com"]
[Source "ChessBase"]
[SourceQuality "1"]
[TimeControl "40/5400+30:1800+30"]

1. d4 Nf6 2. c4 c5 3. d5 e6 4. Nc3 exd5 5. cxd5 d6 6. e4 g6 7. f4 Qe7 8. Bd3 Bg7 9. Nf3 O-O 10. O-O Bg4 11. Qb3 Bxf3 12. Rxf3 Rc8 13. Bd2 a6 14. a4 Nbd7 15. Re1 Ng4 16. g3 h5 17. h3 Nh6 18. Kg2 Kh7 19. a5 Rab8 20. Na4 Qd8 21. Nb6 Nxb6 22. axb6 c4 23. Bxc4 Bxb2 24. e5 Bd4 25. Ba5 Rc5 26. Bb4 Qxb6 27. Bxc5 Qxc5 28. Bd3 b5 29. e6 f5 30. Re2 Ng8 31. Rc2 Qa7 32. Rf1 Ne7 33. Rfc1 Rb7 34. g4 Be3 35. Rf1 Qd4 36. gxf5 gxf5 37. Kh1 Nxd5 38. Bxf5+ Kh6 39. Rg2 Nxf4 40. Rxf4 Qxf4 41. Qxe3 Qxe3 42. Rg6+ Kh7 43. Rg3+ Kh8 44. Rxe3 Re7 45. Kg2 Kg7 46. Kf3 Kf6 47. Kf4 h4 48. Rd3 Rc7 49. Rxd6 Rc4+ 50. Be4 a5 51. Ra6 a4 52. Ke3 Rc3+ 53. Kd4 Rxh3 54. Bd5 Rh2 55. Ra7 Re2 56. Rf7+ Kg5 57. Be4 a3 58. e7 a2 59. Rf1 Rf2 60. Ra1 b4 61. e8=Q b3 62. Qg6+ Kf4 63. Qf5+ Kg3 64. Rg1+ Kh2 65. Qxf2+ 1-0

[Event "Polish Youth 1st League 2022"]
[Site "Lublin"]
[Date "2022.07.03"]
[Round "9.30"]
[White "Tokarz, Gabriela"]
[Black "Duda, Aleksandra"]
[Result "0-1"]
[ECO "D35"]
[WhiteElo "1469"]
[BlackElo "1453"]
[Annotator "NA RC"]
[PlyCount "124"]
[EventDate "2022.06.24"]
[EventType "team-tourn"]
[EventCountry "POL"]
[SourceTitle "playchess.com"]
[Source "ChessBase"]
[SourceQuality "1"]
[TimeControl "40/5400+30:1800+30"]

1. d4 d5 2. c4 e6 3. Nc3 Nf6 4. cxd5 exd5 5. Bg5 c6 6. e3 Be7 7. Bd3 O-O 8. Qc2 h6 9. Bh4 Re8 10. Nge2 Nbd7 11. O-O Ne4 12. Bxe7 Qxe7 13. Rab1 a5 14. a3 b5 15. Ng3 Nd6 16. b3 Nb6 17. Nce2 Bb7 18. Nf4 a4 19. b4 Nbc4 20. Bxc4 Nxc4 21. Ra1 Rad8 22. Qe2 Qg5 23. Rfc1 Rd7 24. Rc2 f5 25. Qf3 Rf7 26. Nge2 Qf6 27. g3 g5 28. Nd3 Rfe7 29. Nc5 Bc8 30. Raa2 Kh7 31. Kh1 Qg6 32. Rc1 h5 33. Rg1 Qh6 34. Nd3 Nxe3 35. Ne5 Nc4 36. Nxc4 dxc4 37. Nc3 g4 38. Qd1 Bb7 39. Rd2 h4 40. Rf1 hxg3 41. fxg3 Re3 42. Qc2 Bc8 43. Kg1 Kg7 44. d5 Qf6 45. Nd1 Rxa3 46. dxc6 Rd3 47. Rxd3 cxd3 48. Qxd3 Qxc6 49. Qd2 Qb6+ 50. Nf2 Qe3 51. Qd5 Qe5 52. Qd2 Kg6 53. Rc1 Bb7 54. Nd3 Qe3+ 55. Qxe3 Rxe3 56. Nf4+ Kf6 57. Rc7 Bf3 58. Rc5 a3 59. Rc1 Rb3 60. Ra1 Be4 61. Ne2 Rb1+ 62. Rxb1 Bxb1 0-1